 Dungeon Sprint DCSS version 0.26-a0-712-ga5a9c9c9d0 (webtiles) character file.

Game seed: 4963113510509551635

74890 mhtbhm the Minotaur Blade (level 15, 0/163 HPs)
             Began as a Minotaur Fighter on Oct 31, 2020.
             Was the Champion of Trog.
             Slain by Mennas
             ... wielding a +0 trishula of holy wrath
              (24 damage)
             ... in the Dungeon (Sprint IX: "|||||||||||||||||||||||||||||").
             The game lasted 00:10:34 (4879 turns).

mhtbhm the Minotaur Blade (Minotaur Fighter)        Turns: 4879, Time: 00:10:35

Health: 0/163      AC: 30    Str: 27    XL:     15   Next: 8%
Magic:  14/14      EV: 14    Int:  5    God:    Trog [******]
Gold:   86         SH: 18    Dex: 15    Spells: 14/14 levels left

rFire    . . .     SeeInvis .   a - +6 double sword of Expedience {vorpal, *Contam rElec Dex+5}
rCold    + . .     Faith    .   c - +0 kite shield {reflect}
rNeg     . . .     Spirit   .   b - +2 plate armour
rPois    +         Reflect  +   (helmet restricted)
rElec    +         Harm     .   m - +1 cloak
rCorr    .         Rampage  .   o - +1 pair of gloves
MR       +....     NoTele   +   x - +1 pair of boots
Stlth    ..........             (no amulet)
HPRegen  0.37/turn              z - ring of poison resistance
MPRegen  0.14/turn              y - ring of protection from cold

@: berserk cooldown, slowed, glowing, silenced, very slow
A: retaliatory headbutt, horns 2
a: Renounce Religion


You were in the Dungeon.
You worshipped Trog.
Trog was exalted by your worship.
You visited 1 branch You collected 1931 gold pieces.
You spent 1845 gold pieces at shops.

Inventory:

Hand Weapons
 a - the +6 double sword of Expedience (weapon) {vorpal, *Contam rElec Dex+5}
   (Trog gifted it to you in the Dungeon)

   It inflicts extra damage upon your enemies.
   It affects your dexterity (+5).
   It insulates you from electricity.
   It causes magical contamination when unequipped.
 s - the +7 great sword of the Elven Halls {vorpal, rElec Str+3 Dex-5, unknown}
   (Trog gifted it to you in the Dungeon)

   It inflicts extra damage upon your enemies.
   It affects your strength (+3).
   It affects your dexterity (-5).
   It insulates you from electricity.
 B - a +3 eveningstar
 C - a +5 vorpal double sword
Missiles
 q - 21 poisoned darts (quivered)
Armour
 b - a +2 plate armour (worn)
 c - a +0 kite shield of reflection (worn)
 m - a +1 cloak (worn)
 o - a +1 pair of gloves (worn)
 x - a +1 pair of boots (worn)
Jewellery
 y - a ring of protection from cold (right hand)
 z - a ring of poison resistance (left hand)
Wands
 l - a wand of acid (13)
Scrolls
 d - 8 scrolls of identify
 j - 4 scrolls of blinking
 k - 4 scrolls of remove curse
 p - 2 scrolls of enchant armour
 r - a scroll of fog
 t - 2 scrolls of enchant weapon
 A - 3 scrolls of fear
Potions
 e - 8 potions of curing
 f - 4 potions of heal wounds
 g - 2 potions of haste
 h - 4 potions of magic
 i - a potion of invisibility
 n - 3 potions of stabbing
Miscellaneous
 u - a tin of tremorstones (3/3)
 v - a lightning rod (4/4)
 w - a phantom mirror


   Skills:
 + Level 23.3 Fighting
 + Level 23.9 Long Blades
 + Level 3.4 Throwing
 + Level 20.8 Armour
 + Level 9.4 Dodging
 + Level 4.7 Stealth
 + Level 23.5 Shields
 + Level 10.7 Evocations


You had 14 spell levels left.
You didn't know any spells.
Your spell library was empty.

Dungeon Overview and Level Annotations

Branches:
Dungeon (1/1)

Altars:
Cheibriados
Dithmenos
Elyvilon
Fedhas
Gozag
Hepliaklqana
Kikubaaqudgha
Makhleb
Nemelex Xobeh
Okawaru
Qazlal
Ru
Sif Muna
Trog
Uskayaw
Vehumet
Wu Jian
Xom
Yredelemnul
Zin
The Shining One
Beogh
Jiyva
Lugonu

Shops:
D :?}*

Annotations:
D Mennas


Innate Abilities, Weirdness & Mutations

You reflexively headbutt those who attack you in melee.
You have a pair of horns on your head.


Message History

You feel much better.
Mennas hits you with a +0 trishula of holy wrath!!
* * * LOW HITPOINT WARNING * * *
You block Mennas's attack. x3
Unknown command.
You feel much better.
Mennas looks to the heavens.
Mennas hits you with a +0 trishula of holy wrath!
* * * LOW HITPOINT WARNING * * *
Mennas hits you but does no damage.
Mennas hits you with a +0 trishula of holy wrath!
* * * LOW HITPOINT WARNING * * *
You block Mennas's attack.
Unknown command.
You feel much better.
Mennas hits you with a +0 trishula of holy wrath!
* * * LOW HITPOINT WARNING * * *
You block Mennas's attack.
Mennas hits you with a +0 trishula of holy wrath!!
You die...

▓.▓)▓.▓)▓.▓.▓.▓∩▓.
▓.▓)▓.▓'▓.▓)▓.▓[▓.
▓.▓)▓.▓.▓.▓.▓.▓)▓.
▓.▓.▓.▓.▓.▓[▓.▓)▓.
▓.▓.▓.▓.▓.▓'▓.▓(▓.
▓.▓.▓.▓.▓.▓)▓.▓)▓.
▓.▓.▓.▓.▓.▓.▓.▓)▓.
▓.▓)▓.▓.▓.▓)▓.▓.▓.
▓@▓)▓.▓)▓.▓.▓.▓.▓.
▓A▓)▓.▓)▓.▓.▓.▓.▓.
▓.▓'▓.▓)▓.▓.▓.▓.▓.
▓.▓[▓.▓[▓.▓.▓.▓.▓.
▓.▓.▓.▓)▓.▓.▓.▓)▓.
▓.▓.▓.▓)▓.▓.▓.▓)▓.
▓.▓.▓.▓.▓.▓.▓.▓)▓.
▓.▓)▓.▓.▓.▓[▓.▓)▓.
▓)▓.▓.▓.▓[▓.▓)▓.


You could see Mennas (silencing).

Vanquished Creatures
  Rupert (D)
  A lich (D)
  A sphinx (D)
  Kirke (D)
  A tengu reaver (D)
  Donald (D)
  4 frost giants (D)
  A nagaraja (D)
  A vault warden (D)
  A ghost moth (D)
  Louise (D)
  2 ironheart preservers (D)
  A very ugly thing (D)
  5 stone giants (D)
  A spark wasp (D)
  4 ettins (D)
  A yaktaur captain (D)
  A spriggan air mage (D)
  An anaconda (D)
  A boulder beetle (D)
  2 hydras (D)
  An alligator snapping turtle (D)
  A centaur warrior (D)
  2 alligators (D)
  8 ogre magi (D)
  A deep troll shaman (D)
  An orc high priest (D)
  A shock serpent (D)
  A spriggan berserker (D)
  A shadow wraith (D)
  An iron troll (D)
  2 sea snakes (D)
  2 unseen horrors (D)
  3 deep trolls (D)
  A naga ritualist (D)
  2 spriggan druids (D)
  A death drake (shapeshifter) (D)
  A glowing orange brain (D)
  2 harpies (D)
  A mana viper (D)
  5 orc knights (D)
  An ironbrand convoker (D)
  An orb spider (D)
  An orc sorcerer (D)
  3 ugly things (D)
  A wolf spider (D)
  9 elephants (D)
  2 manticores (D)
  A merfolk siren (D)
  A vault sentinel (D)
  A moth of wrath (D)
  2 naga magi (D)
  Psyche (D)
  2 black mambas (D)
  2 yaktaurs (D)
  4 komodo dragons (D)
  A yaktaur (shapeshifter) (D)
  An efreet (D)
  2 demonic crawlers (D)
  A tengu conjurer (D)
  A jumping spider (D)
  2 trolls (D)
  2 merfolk (D)
  A blink frog (D)
  3 slime creatures (D)
  A vampire (D)
  A water elemental (D)
  2 hogs (D)
  2 tarantellas (D)
  Eustachio (D)
  A wraith (D)
  2 yaks (D)
  A vampire mosquito (D)
  2 basilisks (D)
  An insubstantial wisp (D)
  A naga (D)
  5 water moccasins (D)
  3 ice beasts (D)
  11 orc warriors (D)
  A wolf (D)
  A boggart (D)
  3 bullfrogs (D)
  A scorpion (shapeshifter) (D)
  A killer bee (D)
  3 orc wizards (D)
  3 orc priests (D)
  A worker ant (D)
  A gnoll (D)
  An adder zombie (D)
  7 orcs (D)
  2 bats (D)
  A bat zombie (D)
  A goblin (D)
  A hobgoblin (D)
  A quokka (D)
  A bat simulacrum (D)
  A frilled lizard (D)
  A leopard gecko zombie (D)
  A quokka zombie (D)
184 creatures vanquished.

Vanquished Creatures (others)
  2 humans (D)
2 creatures vanquished.

Grand Total: 186 creatures vanquished

Notes
Turn   | Place    | Note
-------+----------+-------------------------------------------
     0 | D        | mhtbhm the Minotaur Fighter began the quest for the Orb.
     0 | D        | Reached XP level 1. HP: 19/19 MP: 0/0
    26 | D        | Noticed an ice beast
    26 | D        | Noticed an orc wizard
    26 | D        | Noticed an ice beast
    33 | D        | Killed an ice beast
    33 | D        | Reached skill level 1 in Dodging
    33 | D        | Reached XP level 2. HP: 8/31 MP: 1/1
    33 | D        | Reached XP level 3. HP: 9/38 MP: 2/2
    33 | D        | Reached XP level 4. HP: 11/45 MP: 3/3
    43 | D        | Reached skill level 5 in Long Blades
    47 | D        | Killed an ice beast
    47 | D        | Reached XP level 5. HP: 7/53 MP: 4/4
    54 | D        | Found a roughly hewn altar of Beogh.
    54 | D        | Found a snail-covered altar of Cheibriados.
    54 | D        | Found a shadowy altar of Dithmenos.
    54 | D        | Found a white marble altar of Elyvilon.
    54 | D        | Found a blossoming altar of Fedhas.
    54 | D        | Found an opulent altar of Gozag.
    55 | D        | Found a hazy altar of Hepliaklqana.
    56 | D        | Found a viscous altar of Jiyva.
    57 | D        | Found an ancient bone altar of Kikubaaqudgha.
    58 | D        | Found a corrupted altar of Lugonu.
    59 | D        | Found a burning altar of Makhleb.
    60 | D        | Found a sparkling altar of Nemelex Xobeh.
    61 | D        | Found an iron altar of Okawaru.
    62 | D        | Found a stormy altar of Qazlal.
    63 | D        | Found a sacrificial altar of Ru.
    64 | D        | Found a shimmering blue altar of Sif Muna.
    65 | D        | Found a bloodstained altar of Trog.
    66 | D        | Found a hide-covered altar of Uskayaw.
    67 | D        | Found a radiant altar of Vehumet.
    68 | D        | Found an ornate altar of the Wu Jian Council.
    69 | D        | Found a shimmering altar of Xom.
    70 | D        | Found a basalt altar of Yredelemnul.
    71 | D        | Found a glowing silver altar of Zin.
   320 | D        | Found a glowing golden altar of the Shining One.
   321 | D        | Became a worshipper of Trog the Wrathful
   378 | D        | Noticed an ice beast
   382 | D        | Killed an ice beast
   382 | D        | Reached XP level 6. HP: 48/62 MP: 5/5
   383 | D        | Reached * piety under Trog
   389 | D        | Reached ** piety under Trog
   397 | D        | Reached skill level 10 in Shields
   505 | D        | Noticed a vampire
   505 | D        | Noticed an orc warrior
   505 | D        | Noticed a purple ugly thing
   511 | D        | Killed an unseen horror
   511 | D        | Reached skill level 10 in Fighting
   511 | D        | Reached skill level 10 in Long Blades
   511 | D        | Reached XP level 7. HP: 73/73 MP: 6/6
   517 | D        | Killed a purple ugly thing
   517 | D        | Reached skill level 10 in Armour
   517 | D        | Reached XP level 8. HP: 82/82 MP: 7/7
   523 | D        | Reached *** piety under Trog
   537 | D        | Reached **** piety under Trog
   725 | D        | Noticed a komodo dragon
   725 | D        | Noticed a komodo dragon
   725 | D        | Noticed a komodo dragon
   733 | D        | Killed a komodo dragon
   733 | D        | Reached skill level 5 in Dodging
   735 | D        | Reached XP level 9. HP: 90/90 MP: 8/8
   738 | D        | Noticed a boulder beetle
   741 | D        | Killed a komodo dragon
   745 | D        | Reached ***** piety under Trog
   751 | D        | Killed a komodo dragon
   783 | D        | Killed a boulder beetle
  1115 | D        | Noticed an elephant
  1115 | D        | Noticed a four-headed hydra
  1115 | D        | Noticed a komodo dragon
  1117 | D        | Noticed a black mamba
  1119 | D        | Killed a komodo dragon
  1119 | D        | Reached skill level 1 in Throwing
  1119 | D        | Reached XP level 10. HP: 101/101 MP: 9/9
  1122 | D        | Killed a two-headed hydra
  1122 | D        | Reached skill level 15 in Long Blades
  1124 | D        | Received a gift from Trog
  1133 | D        | Killed an elephant
  1136 | D        | Killed a black mamba
  1331 | D        | Noticed an elephant
  1331 | D        | Noticed an elephant
  1331 | D        | Noticed an elephant
  1331 | D        | Noticed an elephant
  1331 | D        | Noticed an elephant
  1331 | D        | Noticed an elephant
  1337 | D        | Killed an elephant
  1338 | D        | Noticed an elephant
  1341 | D        | Killed an elephant
  1341 | D        | Reached ****** piety under Trog
  1344 | D        | Killed an elephant
  1349 | D        | Killed an elephant
  1349 | D        | Reached skill level 1 in Evocations
  1352 | D        | Noticed an elephant
  1353 | D        | Killed an elephant
  1357 | D        | Killed an elephant
  1357 | D        | Received a gift from Trog
  1357 | D        | Reached XP level 11. HP: 111/111 MP: 10/10
  1364 | D        | Reached skill level 15 in Fighting
  1364 | D        | Reached skill level 15 in Shields
  1493 | D        | Noticed Eustachio
  1499 | D        | Killed Eustachio
  1703 | D        | Received a gift from Trog
  1713 | D        | Noticed an orc sorcerer
  1723 | D        | Killed an orc sorcerer
  1723 | D        | Received a gift from Trog
  1741 | D        | Got a transparent scimitar {god gift}
  1742 | D        | Identified the +10 scimitar of Qiduch {vorpal, rC+ rN+}
                  | (Trog gifted it to you in the Dungeon)
  1754 | D        | Got an encrusted great sword {god gift}
  1850 | D        | Noticed an orc high priest
  1850 | D        | Noticed an orc knight
  1855 | D        | Killed an orc knight
  1855 | D        | Reached skill level 1 in Stealth
  1867 | D        | Killed an orc high priest
  1867 | D        | Reached skill level 15 in Armour
  1870 | D        | Noticed an orc knight
  1874 | D        | Received a gift from Trog
  1891 | D        | Killed an orc knight
  2057 | D        | Found Egudiusa's General Store.
  2057 | D        | Noticed a stone giant
  2057 | D        | Noticed an ettin
  2057 | D        | Noticed a deep troll
  2057 | D        | Noticed an ogre mage
  2057 | D        | Noticed an ettin
  2064 | D        | Killed an ogre mage
  2064 | D        | Received a gift from Trog
  2065 | D        | Found Supokaru's Gadget Shop.
  2065 | D        | Noticed a deep troll
  2067 | D        | Noticed an ogre mage
  2069 | D        | Killed a stone giant
  2072 | D        | Killed a deep troll
  2073 | D        | Noticed an iron troll
  2075 | D        | Killed an ettin
  2076 | D        | Found Coapaac's Magic Scroll Boutique.
  2083 | D        | Killed an ettin
  2083 | D        | Reached XP level 12. HP: 125/125 MP: 11/11
  2085 | D        | Noticed an ogre mage
  2092 | D        | Killed an ogre mage
  2092 | D        | Received a gift from Trog
  2093 | D        | Found Veecru Desu's Book Shop.
  2106 | D        | Killed an ogre mage
  2314 | D        | Noticed an ogre mage
  2315 | D        | Noticed an ogre mage
  2321 | D        | Killed an ogre mage
  2321 | D        | Received a gift from Trog
  2335 | D        | Killed an ogre mage
  2371 | D        | Bought 2 scrolls of enchant weapon for 150 gold pieces
  2373 | D        | Bought a wand of acid (13) for 340 gold pieces
  2375 | D        | Bought a potion of curing for 30 gold pieces
  2375 | D        | Bought a tin of tremorstones (3/3) for 400 gold pieces
  2377 | D        | Bought a lightning rod (4/4) for 400 gold pieces
  2385 | D        | Bought a scroll of identify for 20 gold pieces
  2385 | D        | Bought a scroll of identify for 20 gold pieces
  2385 | D        | Bought a scroll of identify for 20 gold pieces
  2385 | D        | Bought a scroll of identify for 20 gold pieces
  2391 | D        | Bought a phantom mirror for 300 gold pieces
  2393 | D        | Bought a +1 pair of boots for 115 gold pieces
  2393 | D        | Bought a potion of curing for 30 gold pieces
  2429 | D        | Noticed Psyche
  2437 | D        | Killed Psyche
  2655 | D        | Received a gift from Trog
  2664 | D        | Noticed a frost giant
  2717 | D        | Killed a frost giant
  2717 | D        | Received a gift from Trog
  2731 | D        | Noticed a frost giant
  2744 | D        | Killed a frost giant
  2802 | D        | Noticed an ettin
  2807 | D        | Killed an ettin
  2854 | D        | Noticed an ettin
  2861 | D        | Killed an ettin
  2866 | D        | Received a gift from Trog
  3086 | D        | Noticed Rupert
  3088 | D        | Paralysed by Rupert for 5 turns
  3103 | D        | Killed Rupert
  3103 | D        | Reached XP level 13. HP: 137/137 MP: 12/12
  3173 | D        | Noticed Kirke
  3189 | D        | Killed Kirke
  3241 | D        | Received a gift from Trog
  3242 | D        | Reached skill level 5 in Evocations
  3368 | D        | Noticed a spark wasp
  3377 | D        | Received a gift from Trog
  3381 | D        | Killed a spark wasp
  3524 | D        | Noticed a nagaraja
  3533 | D        | Received a gift from Trog
  3535 | D        | Killed a nagaraja
  3552 | D        | Received a gift from Trog
  3762 | D        | Received a gift from Trog
  3893 | D        | Noticed Donald
  3905 | D        | Killed Donald
  3905 | D        | Reached XP level 14. HP: 102/149 MP: 13/13
  4039 | D        | Killed a ghost moth
  4039 | D        | Received a gift from Trog
  4076 | D        | Noticed a stone giant
  4076 | D        | Noticed a stone giant
  4076 | D        | Noticed a white very ugly thing
  4076 | D        | Noticed a frost giant
  4082 | D        | Noticed a lich
  4083 | D        | Killed a frost giant
  4093 | D        | Killed a white very ugly thing
  4094 | D        | Noticed a sphinx
  4098 | D        | Killed a stone giant
  4101 | D        | Killed a stone giant
  4102 | D        | Noticed a tengu reaver
  4107 | D        | Killed a lich
  4108 | D        | Noticed a stone giant
  4116 | D        | Received a gift from Trog
  4117 | D        | Killed a sphinx
  4117 | D        | Killed a tengu reaver
  4123 | D        | Killed a stone giant
  4123 | D        | Received a gift from Trog
  4135 | D        | Received a gift from Trog
  4150 | D        | Got a blackened double sword {god gift}
  4151 | D        | Identified the +6 double sword of Expedience {vorpal,
                  | *Contam rElec Dex+5} (Trog gifted it to you in the Dungeon)
  4424 | D        | Reached skill level 10 in Evocations
  4431 | D        | Noticed a vault warden
  4437 | D        | Received a gift from Trog
  4448 | D        | Killed a vault warden
  4461 | D        | Noticed a frost giant
  4464 | D        | Noticed an ironheart preserver
  4470 | D        | Noticed an ironheart preserver
  4472 | D        | Noticed a stone giant
  4473 | D        | Killed a frost giant
  4473 | D        | Received a gift from Trog
  4485 | D        | Killed an ironheart preserver
  4485 | D        | Received a gift from Trog
  4493 | D        | Killed an ironheart preserver
  4495 | D        | Killed a stone giant
  4495 | D        | Reached XP level 15. HP: 163/163 MP: 14/14
  4511 | D        | Received a gift from Trog
  4787 | D        | Noticed Louise
  4800 | D        | Killed Louise
  4821 | D        | Noticed Mennas
  4879 | D        | Slain by Mennas

Illustrated notes

Levels and vault maps discovered:
D:        linesprint [early_d, line_temple, items_1, d_10, items_2, lair_1,
          lair_end, items_3, orc_1, orc_end, items_4, d_15, swamp_1, shoals_1,
          snake_1, spider_1, d_20, vaults_1, items_5, swamp_end, shoals_end,
          snake_end, spider_end, vaults_end, d_27, items_6, zot_1, zot_end,
          crypt_end, forest_end, elf_end, slime_end, tomb_end, abyss_end,
          pan_hell_end]

Skill      XL: |  1  2  3  4  5  6  7  8  9 10 11 12 13 14 |
---------------+-------------------------------------------+-----
Fighting       | 6 8 10 11 12 13 14 17 19 20 23 | 23.3
Armour         | 6 7 8 9 10 12 14 16 17 19 20 | 20.8
Shields        | 6 8 9 11 12 13 14 16 19 21 23 | 23.5
Long Blades    | 4 6 7 10 11 12 14 16 18 19 21 23 | 23.9
Dodging        | 1 2 4 5 6 7 8 9 |  9.4
Throwing       | 1 2 3 |  3.4
Evocations     | 1 2 4 7 10 | 10.7
Stealth        | 1 2 3 4 |  4.7

Action                   |  1- 3 |  4- 6 |  7- 9 | 10-12 | 13-15 || total
-------------------------+-------+-------+-------+-------+-------++-------
Melee: Long sword        |    23 |    13 |       |       |       ||    36
       Headbutt          |     4 |     5 |    16 |    63 |    68 ||   156
       Scimitar          |       |    23 |    61 |   216 |   128 ||   428
       Double sword      |       |       |       |       |   117 ||   117
Throw: Dart              |       |       |     3 |       |     1 ||     4
Invok: Berserk           |       |     1 |     2 |     4 |     5 ||    12
Evoke: Wand              |       |       |     1 |     4 |     5 ||    10
       Lightning rod     |       |       |       |     6 |    13 ||    19
       Tin of tremorston |       |       |       |       |    15 ||    15
  Use: Potion            |       |     1 |     3 |       |     5 ||     9
Armor: Scale mail        |     4 |     2 |       |       |       ||     6
       Chain mail        |       |     7 |    11 |    28 |       ||    46
       Plate armour      |       |       |       |     6 |   104 ||   110
Dodge: Dodged            |     7 |     4 |    10 |    33 |    66 ||   120
Block: Kite shield       |    14 |    15 |    27 |    89 |   147 ||   292
       Reflection        |       |       |       |       |     3 ||     3
       Rpst.: Long sword |     1 |     1 |       |       |       ||     2
       Scimitar          |       |       |     3 |     9 |     6 ||    18
       Double sword      |       |       |       |       |     7 ||     7

Table legend: (Time is in decaauts)
 A = Elapsed time spent in this place.
 B = Non-inter-level travel time spent in this place.
 C = Inter-level travel time spent in this place.
 D = Time resting spent in this place.
 E = Time spent auto-exploring this place.
 F = Levels seen in this place.
 G = Mean time per level.
                   A        B        C        D        E       F      G
               +--------+--------+--------+--------+--------+-----+--------+
         Total |   4809 |   4748 |     61 |   2644 |    196 |   1 | 4809.0 |
       Dungeon |   4809 |   4748 |     61 |   2644 |    196 |   1 | 4809.0 |
               +--------+--------+--------+--------+--------+-----+--------+

Top non-repeatable levels by time:
       D: 4809 daAuts
